Map: Equilibrium LE

Players

HAYVAR - Winner!

  • Race: Terran Terran
  • Spawn Location: 11:00

SubN

  • Race: Zerg Zerg
  • League: Diamond
  • Spawn Location: 1:00

VOD

Have the link to the VOD?

Description

Time

  • Played on: Dec. 18, 2023, 6 p.m.
  • Length: 16:22
Show
View Real Time Build Order
Export as new Build Order

HAYVAR Terran - Winner!

Build Orders:  

Get SALT Encoding   

  12  0:01  SCV  
  13  0:13  SCV  
  14  0:18  Supply Depot  
  14  0:25  SCV  
  15  0:40  SCV  
  15  0:42  Barracks  
  16  0:48  Refinery  
  16  0:54  SCV  
  17  1:06  SCV  
  18  1:18  SCV  
  20  1:33  Supply Depot  
  19  1:42  Orbital Command  
  19  1:50  Barracks Reactor  
  19  1:58  Command Center  
  19  2:09  SCV  
  20  2:22  Bunker  
  20  2:27  Marine x2  
  20  2:28  Factory  
  22  2:31  SCV  
  22  2:35  Refinery  
  23  2:43  SCV  
  24  2:44  Marine  
  24  2:45  Marine  
  26  3:01  SCV  
  27  3:10  Supply Depot  
  27  3:14  SCV  
  27  3:19  Marine  
  27  3:34  Supply Depot  
  27  3:37  Orbital Command  
  27  3:40  Starport  
  27  3:45  SCV  
  28  3:52  Hellion x2  
  32  3:56  Barracks Tech Lab  
  32  3:58  SCV  
  32  4:01  Orbital Command  
  33  4:03  Supply Depot  
  33  4:10  SCV  
  33  4:13  Hellion x2  
  38  4:28  Liberator  
  38  4:30  Stimpack  
  41  4:34  Marine  
  41  4:36  Barracks  
  42  4:40  SCV x2  
  42  4:43  Supply Depot  
  44  4:47  Hellion x2  
  44  4:52  Marine, SCV  
  50  5:00  SCV  
  50  5:04  SCV  
  52  5:12  SCV  
  53  5:16  SCV  
  54  5:24  Factory Tech Lab, SCV  
  55  5:28  SCV  
  55  5:31  Barracks Reactor  
  55  5:33  Marine  
  55  5:34  Barracks  
  55  5:35  Medivac x2  
  61  5:36  SCV  
  61  5:41  SCV  
  63  5:45  Command Center  
  63  5:48  SCV  
  64  5:51  Marine, Siege Tank  
  53  6:13  Combat Shield  
  53  6:15  Marine x3  
  53  6:16  Medivac  
  58  6:21  Refinery, SCV x2  
  58  6:22  Refinery, Supply Depot  
  58  6:23  Siege Tank  
  63  6:32  Marine  
  63  6:33  Marine, SCV  
  63  6:34  Barracks  
  63  6:38  Barracks  
  63  6:39  Barracks x2  
  66  6:41  SCV  
  66  6:42  Marine x2  
  66  6:45  SCV  
  70  6:53  SCV  
  71  6:55  Supply Depot  
  71  6:57  SCV  
  71  6:59  Orbital Command  
  72  7:05  Barracks Tech Lab  
  72  7:11  SCV x2  
  74  7:18  Siege Tank  
  77  7:25  Engineering Bay  
  77  7:26  Concussive Shells  
  77  7:28  Barracks Reactor  
  77  7:29  Barracks Tech Lab, Barracks Reactor  
  77  7:30  Barracks Tech Lab, Engineering Bay  
  77  7:37  Viking  
  77  7:42  Liberator  
  82  7:50  SCV, Siege Tank  
  82  7:51  SCV  
  87  7:58  Factory  
  87  8:02  Factory  
  87  8:04  Orbital Command  
  87  8:11  Bunker  
  87  8:31  Sensor Tower  
  86  8:37  Marauder x2, Marine  
  86  8:38  Marauder, Marine x6  
  99  8:41  Supply Depot  
  99  9:04  Supply Depot  
  99  9:09  Factory Tech Lab x2  
  99  9:10  Medivac x2  
  99  9:13  Marauder x3  
  99  9:14  Terran Infantry Armor Level 1, Terran Infantry Weapons Level 1  
  109  9:19  Armory  
  109  9:26  Marauder, Marine x2  
  109  9:27  Command Center  
  109  9:29  Siege Tank  
  109  9:30  Supply Depot x2  
  116  9:35  Marauder  
  116  9:39  Marauder  
  116  9:41  Marauder, Refinery  
  116  9:44  Refinery  
  108  9:47  Marauder  
  97  9:56  Marauder  
  96  10:00  Marauder  
  96  10:01  Marine  
  96  10:02  Marauder, Marine  
  102  10:09  Marauder  
  102  10:11  Terran Vehicle Weapons Level 1  
  104  10:17  Marauder  
  106  10:22  Marauder  
  106  10:23  Marauder  
  106  10:25  Sensor Tower  
  106  10:26  Marine x2  
  106  10:27  Marine x4  
  116  10:28  Siege Tank x2  
  116  10:30  Marauder  
  124  10:39  Marauder  
  126  10:42  Marine  
  126  10:43  Siege Tank  
  126  10:44  Marine x7  
  126  10:45  Bunker  
  137  10:51  Marine  
  138  11:00  Marine x2  
  140  11:09  Marine x6  
  138  11:31  Orbital Command  
  138  11:33  Siege Tank x3  
  147  11:49  Terran Infantry Armor Level 2, Terran Infantry Weapons Level 2  
  147  11:55  Supply Depot  
  147  11:57  Supply Depot  
  147  12:02  Supply Depot  
  147  12:04  Marine  
  147  12:05  Marine  
  147  12:06  Marine, Siege Tank x2  
  156  12:16  Marine x3  
  156  12:17  Supply Depot  
  159  12:23  Supply Depot  
  159  12:35  SCV x3  
  162  12:40  Marine x3  
  162  12:41  Marauder x2, Marine x2  
  162  12:42  Marauder, Marine x2  
  175  12:51  Command Center  
  175  12:58  Marine x4  
  173  12:59  Marine x3  
  170  13:33  Hellion x2  
  168  13:35  Terran Vehicle Weapons Level 2  
  168  13:43  Ghost Academy  
  167  14:03  Marine x3  
  167  14:04  Marauder x2  
  174  14:13  Supply Depot  
  166  14:37  Supply Depot  
  159  14:48  Ghost x2  
  159  14:49  Ghost x2  
  165  14:57  Marine x2  
  165  14:58  Marine  
  157  15:17  Ghost  
  157  15:18  Marauder x2  
  140  15:23  Marine x7  
  147  15:39  Marine x2  
  147  15:41  Marine x7  
  156  15:46  Marine, Siege Tank x2  
  156  15:47  Siege Tank  
  166  15:56  Marine  
  166  15:57  Marine  
  167  15:58  Marine  
  167  15:59  Marine x6  
  167  16:03  Marine  
Show
View Real Time Build Order
Export as new Build Order

SubN Zerg 

Build Orders: Pool First 

Get SALT Encoding   

  12  0:00  Drone  
  13  0:12  Overlord  
  13  0:16  Drone  
  14  0:30  Drone x2  
  14  0:33  Drone  
  17  0:37  Extractor  
  16  0:45  Drone  
  17  0:53  Spawning Pool  
  17  0:55  Drone  
  17  1:06  Drone  
  18  1:27  Hatchery  
  18  1:31  Drone x2  
  19  1:40  Queen  
  19  1:45  Metabolic Boost  
  21  1:52  Overlord  
  21  1:58  Zergling x2  
  22  2:13  Zergling x4  
  24  2:16  Queen  
  26  2:24  Zergling x2  
  27  2:39  Queen  
  27  2:42  Drone x2  
  30  3:17  Hatchery  
  26  3:42  Drone x10  
  36  3:50  Overlord  
  36  3:53  Overlord  
  36  4:05  Overlord  
  38  4:11  Lair  
  36  4:17  Drone  
  36  4:18  Drone x6  
  43  4:30  Spine Crawler, Queen  
  44  4:31  Spine Crawler  
  44  4:32  Queen  
  45  4:39  Roach Warren  
  44  4:46  Zergling x10  
  49  4:55  Drone x4  
  49  4:57  Overlord  
  53  5:07  Drone x4  
  53  5:10  Extractor  
  53  5:12  Extractor  
  53  5:13  Extractor  
  54  5:15  Drone  
  54  5:17  Hydralisk Den  
  54  5:21  Glial Reconstitution  
  54  5:38  Roach x5  
  54  5:39  Roach  
  66  5:46  Grooved Spines  
  64  6:08  Drone x6  
  65  6:17  Overlord x2  
  65  6:18  Overlord x3  
  65  6:21  Overseer  
  65  6:33  Overlord  
  65  6:36  Muscular Augments  
  65  6:38  Ravager  
  66  6:44  Drone  
  66  6:45  Drone x9  
  76  6:53  Drone x4  
  80  6:56  Drone x2  
  80  6:57  Drone x2  
  80  6:59  Drone, Hatchery  
  84  7:02  Drone x2  
  86  7:10  Ravager x2  
  86  7:13  Overlord x2  
  88  7:19  Overseer  
  88  7:27  Extractor  
  88  7:28  Drone x3  
  88  7:29  Extractor  
  89  7:33  Drone x12  
  101  7:42  Drone  
  101  7:43  Baneling Nest, Drone x2  
  103  7:48  Evolution Chamber  
  103  7:51  Evolution Chamber  
  101  7:53  Overlord x3  
  101  8:03  Overlord x3  
  101  8:06  Hydralisk x7  
  101  8:11  Queen  
  117  8:13  Drone x3  
  120  8:24  Hydralisk  
  120  8:25  Hydralisk x5  
  132  8:38  Spore Crawler  
  127  8:56  Zerg Ground Armor Level 1, Zerg Missile Weapons Level 1  
  127  8:58  Drone  
  127  8:59  Drone x3  
  127  9:01  Drone  
  127  9:02  Drone x6, Extractor  
  137  9:03  Extractor  
  137  9:05  Hydralisk x4  
  144  9:12  Overseer  
  144  9:13  Zergling x2  
  144  9:14  Overlord x3  
  145  9:19  Overlord x4  
  143  9:41  Hatchery  
  143  9:44  Extractor  
  143  9:45  Extractor  
  119  9:58  Hydralisk  
  119  9:59  Hydralisk x7  
  121  10:00  Hydralisk x5  
  121  10:03  Roach x2  
  121  10:04  Roach  
  136  10:13  Infestation Pit  
  132  10:24  Roach x8  
  132  10:25  Roach  
  150  10:37  Zergling x2  
  150  10:38  Zergling x24  
  163  10:51  Roach x9  
  163  10:54  Hive  
  181  11:02  Roach  
  181  11:03  Roach x6  
  195  11:07  Queen  
  170  11:30  Overseer  
  170  11:35  Drone x6  
  176  11:43  Queen  
  178  11:59  Zerg Ground Armor Level 2, Zerg Missile Weapons Level 2  
  178  12:01  Centrifugal Hooks  
  178  12:07  Viper x3  
  187  12:14  Zergling x2  
  187  12:15  Zergling x24  
  200  12:24  Spore Crawler  
  199  12:37  Overlord x2  
  197  12:48  Hatchery  
  197  12:51  Viper x2  
  190  13:06  Queen  
  188  13:23  Hydralisk x2, Roach  
  188  13:24  Hydralisk x4  
  199  13:46  Queen  
  199  13:47  Drone  
  198  14:02  Spore Crawler x2  
  196  14:03  Spore Crawler  
  196  14:08  Spore Crawler  
  194  14:15  Pneumatized Carapace  
  188  14:42  Zergling x14  
  191  14:46  Zergling x6  
  191  14:47  Zergling x6  
  194  15:03  Zergling x4  
  108  15:26  Hydralisk  
  108  15:27  Hydralisk x14  
  136  15:31  Roach  
  136  15:32  Roach x15  
  166  15:50  Drone x10  
  170  16:05  Spine Crawler  
  170  16:08  Spine Crawler  
Tags
 
League
Diamond
Matchup
TvZ
Opening
Pool First
Replay Pack
2025 replay dump
Spawn Locations
Close Positions
Add a new tag
Caveats
  • Supply blocks, unpowered buildings, or Contaminate may cause inaccurate times.
  • Supply counts are checked every 10 seconds.